 Dungeon Crawl Stone Soup version 0.20-a0-941-gba1b1f9 (webtiles) character file.

107 nikopol the Cudgeler (level 4, -7/42 HPs)
             Began as a Gargoyle Berserker on Mar 31, 2017.
             Was a Priest of Trog.
             Mangled by a worm (8 damage)
             ... on level 3 of the Dungeon.
             The game lasted 00:03:28 (2248 turns).

nikopol the Cudgeler (Gargoyle Berserker)           Turns: 2248, Time: 00:03:28

Health: -7/42      AC:  7    Str: 26    XL:     4   Next: 86%
Magic:  4/4        EV:  9    Int:  8    God:    Trog [***...]
Gold:   80         SH:  8    Dex:  9    Spells: 3/3 levels left

rFire    . . .     SeeInvis +   a - +0 mace
rCold    . . .     Gourm    .   m - +0 shield
rNeg     + . .     Faith    .   j - +0 leather armour (curse)
rPois    ∞         Spirit   .   (no helmet)
rElec    +         Reflect  .   (no cloak)
rCorr    .         Harm     .   (no gloves)
MR       .....                  (no boots)
Stlth    ..........             (no amulet)
Regen    0.2/turn               f - ring of see invisible
MPRegen  0.1/turn               (no ring)

@: berserking, very quick
A: negative energy resistance 1, electricity resistance, unbreathing,
petrification resistance, rot immunity, AC +3
a: Berserk, Trog's Hand, Burn Spellbooks, Renounce Religion


You were on level 3 of the Dungeon.
You worshipped Trog.
Trog was most pleased with you.
You were hungry.

You visited 1 branch of the dungeon, and saw 3 of its levels.

You collected 80 gold pieces.

Inventory:

Hand Weapons
 a - a +0 mace (weapon)
Missiles
 g - 41 arrows (quivered)
Armour
 b - a +0 animal skin
 j - a cursed +0 leather armour (worn)
 m - a +0 shield (worn)
Jewellery
 f - a ring of see invisible (left hand)
Scrolls
 e - 3 scrolls of teleportation {unknown}
 h - a scroll of enchant armour {unknown}
 i - a scroll of immolation {unknown}
 q - 2 scrolls of blinking {unknown}
 s - 2 scrolls of remove curse {unknown}
Potions
 d - 6 potions of curing {unknown}
 n - a potion of flight {unknown}
 o - a potion of brilliance {unknown}
 p - a potion of mutation {unknown}
 t - a potion of resistance {unknown}
Comestibles
 c - 3 bread rations
 k - 3 meat rations
 l - 2 royal jellies


   Skills:
 + Level 3.5 Fighting
 * Level 3.8 Maces & Flails
 + Level 3.1 Armour
 + Level 2.2 Dodging
 * Level 1.8 Shields


You had 3 spell levels left.
You didn't know any spells.

Dungeon Overview and Level Annotations

Branches:
Dungeon (3/15)

Altars:

Annotations:
D:3 Grinder


Innate Abilities, Weirdness & Mutations

You are resistant to torment.
Your stone body is resilient. (AC +3)
You are immune to poison.
You resist negative energy. (rN+)
You are resistant to electric shocks. (rElec)
You can survive without breathing.
You are immune to petrification.
You are immune to rotting.


Message History

You are too injured to fight recklessly!
You are too injured to fight recklessly!
You are too injured to fight recklessly!
A red film seems to cover your vision as you go berserk!
You feel yourself moving faster!
You feel mighty!
You are feeling hungry.
Grinder blinks!
You block the adder's attack. The worm bites you but does no damage.
You sock the worm!
The worm is almost dead.
The adder bites you but does no damage.
You hit Grinder.
Grinder is heavily wounded.
You block the adder's attack.
Grinder says, "FISH!"
Grinder gestures at you. Pain shoots through your body!
* * * LOW HITPOINT WARNING * * *
The worm bites you!
You die...

##### .!..
... #####..
.## .....
...# #Sw#
...#####
##### #.@#
#......#
...###5.#
#.##....
#.#...##
#..#....
#...#.####
#.#....
#.##...#.....
#......
#...÷...####
###....†
###.##...#
#....... ...
#.#.#
#...[... #.##
#.#.###
####.......


You could see Grinder, a worm and an adder.

Vanquished Creatures
  An orc wizard (D:3)
  An adder (D:2)
  2 worms (D:2)
  A dart slug (D:1)
  2 leopard geckos
  6 orcs (D:3)
  7 bats
  2 giant cockroaches (D:1)
  7 goblins
  4 hobgoblins
  3 jackals (D:2)
  5 frilled lizards
  7 kobolds
  5 rats
53 creatures vanquished.

Notes
Turn   | Place    | Note
-------+----------+-------------------------------------------
     0 | D:1      | nikopol the Gargoyle Berserker began the quest for the Orb.
     0 | D:1      | Reached XP level 1. HP: 14/14 MP: 1/1
   177 | D:1      | Reached XP level 2. HP: 19/19 MP: 2/2
   793 | D:2      | Reached XP level 3. HP: 8/23 MP: 3/3
  1412 | D:2      | Reached ** piety under Trog
  1412 | D:2      | Reached skill level 1 in Shields
  1612 | D:2      | Reached XP level 4. HP: 27/28 MP: 4/4
  2229 | D:3      | Noticed Grinder
  2235 | D:3      | Reached *** piety under Trog
  2248 | D:3      | HP: 1/42 [Grinder/nerve-wracking pain (7)]
  2248 | D:3      | Mangled by a worm

Vault maps used:
D:1:      tarquinn_simple_flora_water_e
D:3:      first_bread, uniq_grinder

Skill      XL: |  1  2  3  4 |
---------------+-------------+-----
Dodging        | 2 |  2.2
Shields        | 1 |  1.8
Armour         | 3 |  3.1
Fighting       | |  3.5
Maces & Flails | |  3.8

Action                   |  1- 3 |  4- 6 || total
-------------------------+-------+-------++-------
Melee: Mace              |   153 |    67 ||   220
Invok: Berserk           |       |     2 ||     2
       Burn Spellbooks   |       |     1 ||     1
  Eat: Chunk             |     2 |     4 ||     6
Armor: Animal skin       |    27 |       ||    27
       Leather armour    |    35 |    28 ||    63
Dodge: Dodged            |    94 |    31 ||   125
Block: Shield            |    38 |    29 ||    67
